 Dungeon Crawl Stone Soup version 0.19.4-8-ga85b6b9 (webtiles) character file.

1479 empire the Cudgeler (level 8, -9/61 HPs)
             Began as a Mummy Fighter on Feb 14, 2017.
             Was an Initiate of Gozag.
             Mangled by a hill giant
             ... wielding a +0 giant club
              (16 damage)
             ... on level 7 of the Dungeon.
             The game lasted 00:10:50 (5833 turns).

empire the Cudgeler (Mummy Fighter)                 Turns: 5833, Time: 00:10:50

Health: -9/61      AC: 12    Str: 21    XL:     8   Next: 50%
Magic:  10/10      EV:  5    Int:  7    God:    Gozag
Gold:   164        SH: 10    Dex: 12    Spells: 0 memorised, 7 levels left

rFire  . . .     SeeInvis .     b - +3 flail
rCold  + . .     Gourm    .     r - +0 chain mail
rNeg   + + +     Faith    .     c - +0 shield
rPois  ∞         Spirit   .     n - +2 helmet
rElec  .         Reflect  .     (no cloak)
rCorr  .         Harm     .     (no gloves)
MR     +....                    (no boots)
Stlth  ..........               g - amulet of magic regeneration
                                (no ring)
                                d - ring of protection from fire

@: gold aura
A: no food or potions, fire vulnerability, cold resistance 1, negative energy
resistance 3, torment resistance, unbreathing
a: Potion Petition, Call Merchant, Bribe Branch, Renounce Religion


You were on level 7 of the Dungeon.
You worshipped Gozag.
Gozag was aware of your devotion.
You were not hungry.

You visited 2 branches of the dungeon, and saw 8 of its levels.

You collected 622 gold pieces.
You paid 458 gold pieces to Gozag.

Inventory:

Hand Weapons
 a - a +1 flail
 b - a +3 flail (weapon)
 f - a +0 short sword
 l - the cursed +3 dagger of Strategic Superiority {freeze, MR+++ Dex-4 SInv Stlth+, unknown}
   (You found it on level 5 of the Dungeon)

   It has been specially enchanted to freeze those struck by it, causing extra
   injury to most foes and up to half again as much damage against particularly
   susceptible opponents.
   It can also slow down cold-blooded creatures.
   It affects your dexterity (-4).
   It affects your resistance to hostile enchantments.
   It lets you see invisible.
   It makes you more stealthy.
   It has a curse placed upon it.
 s - a cursed -1 mace
Armour
 c - a +0 shield (worn)
 e - a +1 plate armour
 n - a +2 helmet (worn)
 r - a +0 chain mail (worn)
Jewellery
 d - a ring of protection from fire (left hand)
 g - an amulet of magic regeneration (around neck)
 j - an uncursed ring of ice
 q - an uncursed ring of positive energy {unknown}
Wands
 k - a wand of lightning (10/15)
 m - a wand of confusion (36/48)
Scrolls
 h - 3 scrolls of remove curse
 i - a scroll of fog
 o - a scroll of magic mapping
 p - a scroll of immolation
 t - a scroll of enchant armour


   Skills:
 + Level 4.8 Fighting
 * Level 5.4 Maces & Flails
 + Level 4.4 Armour
 + Level 4.5 Shields
 + Level 3.1 Evocations


You had 7 spell levels left.
You didn't know any spells.

Dungeon Overview and Level Annotations

Branches:
Dungeon (7/15)             Temple (1/1) D:6

Altars:
Ashenzari
Dithmenos
Elyvilon
Fedhas
Gozag
Hepliaklqana
Kikubaaqudgha
Makhleb
Okawaru
Qazlal
Ru
Sif Muna
Trog
Uskayaw
Vehumet
Yredelemnul
Zin
The Shining One

Shops:
D:7 (

Annotations:
D:5 Pikel; empire's ghost, novice DrMo


Innate Abilities, Weirdness & Mutations

You do not eat or drink.
Your flesh is vulnerable to fire.
You are immune to poison.
Your flesh is cold resistant. (rC+)
You are immune to negative energy. (rN+++)
You are immune to unholy pain and torment.
You can survive without breathing.


Message History

You sock the crimson imp!
The crimson imp is almost dead.
The hill giant hits you with a giant club.
* * * LOW HITPOINT WARNING * * *
The crimson imp puffs mist at you.
The crimson imp hits you but does no damage.
Okay, then.
Evoke which item? (* to show all) (? for menu, Esc to quit)
Zapping:
m - a wand of confusion (37/48)
Press: ? - help, Shift-Dir - straight line, f - hill giant
Aim: a hill giant, wielding a giant club (lightly wounded, chance to defeat MR: 34%)
The hill giant appears confused.
This wand has 36 charges left.
You block the crimson imp's attack.
You hit the crimson imp.
You kill the crimson imp!
You see here 8 gold pieces.
You now have 164 gold pieces (gained 8).
The hill giant hits you with a giant club!
You die...
Your body crumbles into a pile of gold.

... .. #.# ..∩
..# ... #.#
###.### #.#
....... #.#
.......
#####.##..%....
#...@..........
#.###C#........
# #.#........
#..#........
#.##.#######
#.##$# .....#
#.###. #.#


You could see a hill giant (confused).

Vanquished Creatures
  Grinder (D:3)
  Duvessa (D:4)
  An ice beast (D:5)
  2 slaves (D:6)
  A necrophage (D:6)
  An ogre (D:4)
  2 centaurs
  3 bullfrogs (D:6)
  Dowan (D:4)
  A scorpion (D:6)
  A crimson imp (D:7)
  3 hounds
  A bullfrog skeleton (D:6)
  Terence (D:2)
  Ijyb (D:2)
  3 worker ants
  6 adders
  3 gnolls (D:6)
  A howler monkey skeleton (D:3)
  A shadow imp (D:6)
  2 oozes
  An adder skeleton (D:5)
  3 dart slugs
  3 leopard geckos
  8 giant cockroaches
  7 goblins
  12 hobgoblins
  7 jackals
  3 quokkas
  5 bats
  8 frilled lizards
  4 kobolds
  2 quokka skeletons
  11 rats
111 creatures vanquished.

Vanquished Creatures (others)
  A bat (D:1)
1 creature vanquished.

Grand Total: 112 creatures vanquished

Notes
Turn   | Place    | Note
-------+----------+-------------------------------------------
     0 | D:1      | empire the Mummy Fighter began the quest for the Orb.
     0 | D:1      | Reached XP level 1. HP: 18/18 MP: 1/1
   350 | D:1      | Reached XP level 2. HP: 24/24 MP: 2/2
   618 | D:1      | Reached skill level 2 in Maces & Flails
  1071 | D:1      | Reached XP level 3. HP: 29/29 MP: 3/3
  1217 | D:2      | Noticed Ijyb
  1236 | D:2      | Killed Ijyb
  1287 | D:2      | Found a stormy altar of Qazlal.
  1376 | D:2      | Reached XP level 4. HP: 35/35 MP: 4/4
  1680 | D:2      | Noticed Terence
  1712 | D:2      | Killed Terence
  1715 | D:2      | Found a shattered altar of Ashenzari.
  1843 | D:2      | Found a glowing golden altar of the Shining One.
  1845 | D:2      | Found an opulent altar of Gozag.
  1853 | D:2      | Became a worshipper of Gozag Ym Sagoz the Greedy
  2025 | D:3      | Reached XP level 5. HP: 40/41 MP: 5/5
  2079 | D:3      | Noticed Grinder
  2081 | D:3      | Paralysed by Grinder for 7 turns
  2115 | D:3      | Killed Grinder
  2115 | D:3      | Reached skill level 3 in Maces & Flails
  2115 | D:3      | Reached skill level 1 in Evocations
  2115 | D:3      | Reached XP level 6. HP: 11/47 MP: 5/7
  2556 | D:3      | Found an iron altar of Okawaru.
  2643 | D:3      | Found a hide-covered altar of Uskayaw.
  3088 | D:4      | Reached skill level 4 in Maces & Flails
  3109 | D:4      | Noticed Duvessa
  3109 | D:4      | Noticed Dowan
  3138 | D:4      | Killed Duvessa
  3138 | D:4      | Reached XP level 7. HP: 47/53 MP: 8/8
  3165 | D:4      | Killed Dowan
  3477 | D:4      | Found a hazy altar of Hepliaklqana.
  3940 | D:4      | Found a glowing silver altar of Zin.
  4150 | D:5      | Entered Level 5 of the Dungeon
  4235 | D:5      | Noticed empire's ghost (novice DrMo)
  4308 | D:5      | Found a stormy altar of Qazlal.
  4313 | D:5      | Got a crystal dagger
  4387 | D:6      | Reached XP level 8. HP: 53/61 MP: 9/9
  4566 | D:6      | Found a staircase to the Ecumenical Temple.
  4571 | D:6      | Reached skill level 5 in Maces & Flails
  4578 | Temple   | Entered the Ecumenical Temple
  5139 | D:5      | Noticed Pikel
  5555 | D:6      | Found a faded altar of an unknown god.
  5555 | D:6      | Found a white marble altar of Elyvilon.
  5560 | D:6      | Found a faded altar of an unknown god.
  5562 | D:6      | Found a faded altar of an unknown god.
  5563 | D:6      | Found a faded altar of an unknown god.
  5817 | D:7      | Noticed a hill giant
  5818 | D:7      | Found Zadix's Antique Weapon Shoppe.
  5833 | D:7      | Mangled by a hill giant

Skill      XL: |  1  2  3  4  5  6  7  8 |
---------------+-------------------------+-----
Maces & Flails | 2 3 4 5 |  5.4
Shields        | 3 4 |  4.5
Armour         | 3 4 |  4.4
Evocations     | 1 2 3 |  3.1
Fighting       | 4 |  4.8

Action                   |  1- 3 |  4- 6 |  7- 9 || total
-------------------------+-------+-------+-------++-------
Melee: Flail             |   131 |   181 |   237 ||   549
Invok: Potion Petition   |       |     1 |     1 ||     2
Evoke: Wand              |       |     3 |     1 ||     4
  Use: Scroll            |       |    14 |     2 ||    16
 Stab: Confused          |       |     2 |       ||     2
Armor: Scale mail        |    90 |    77 |    60 ||   227
       Chain mail        |       |       |    48 ||    48
Dodge: Dodged            |    57 |    67 |    77 ||   201
Block: Shield            |    89 |    72 |   126 ||   287
